 Dungeon Crawl Stone Soup version 0.26-a0-651-gb41185065b (webtiles) character file.

Game seed: 7894268072019358440

76 Flugslaktarn the Shield-Bearer (level 4, -5/42 HPs)
             Began as a Deep Dwarf Fighter on Oct 9, 2020.
             Slain by an ogre
             ... wielding a cursed -2 giant club
              (17 damage)
             ... on level 4 of the Dungeon.
             The game lasted 00:00:25 (297 turns).

Flugslaktarn the Shield-Bearer (Deep Dwarf Fighter)  Turns: 297, Time: 00:00:25

Health: -5/42      AC:  7    Str: 20    XL:     4   Next: 12%
Magic:  3/3        EV:  7    Int:  8    God:
Gold:   41         SH:  9    Dex: 13    Spells: 3/3 levels left

rFire    . . .     SeeInvis .   a - +0 war axe
rCold    . . .     Faith    .   c - +0 kite shield
rNeg     . . .     Spirit   .   b - +0 scale mail
rPois    .         Reflect  .   (no helmet)
rElec    .         Harm     .   (no cloak)
rCorr    .         Rampage  .   (no gloves)
MR       .....                  (no boots)
Stlth    ..........             (no amulet)
HPRegen  0.00/turn              (no ring)
MPRegen  0.08/turn              (no ring)

@: non-regenerating
A: damage resistance, heal wounds, sense surroundings 1, no regeneration
a: Heal Wounds


You were on level 4 of the Dungeon.
You visited 1 branch of the dungeon, and saw 4 of its levels.

You collected 41 gold pieces.

Inventory:

Hand Weapons
 a - a +0 war axe (weapon)
Armour
 b - a +0 scale mail (worn)
 c - a +0 kite shield (worn)
Scrolls
 e - a scroll of amnesia {unknown}
Potions
 d - a potion of might


   Skills:
 * Level 3.4 Fighting
 * Level 3.3 Axes
 + Level 3.7 Armour
 + Level 3.7 Shields


You had 3 spell levels left.
You didn't know any spells.
Your spell library was empty.

Dungeon Overview and Level Annotations

Branches:
Dungeon (4/15)
 Temple: D:4-7

Altars:


Innate Abilities, Weirdness & Mutations

You are resistant to damage.
You can heal yourself by infusing magical energy.
You passively map a small area around you.
You do not regenerate.


Message History

The ogre hits you with a cursed -2 giant club!
You barely miss the ogre.
The ogre is lightly wounded.
The ogre hits you with a cursed -2 giant club!!
* * * LOW HITPOINT WARNING * * *
You block the worker ant's attack.
You are too injured to fight recklessly!
You are too injured to fight recklessly!
You are too injured to fight recklessly!
You are too injured to fight recklessly!
You are too injured to fight recklessly!
Unknown command.
Your magical essence is drained by the effort!
You feel much better.
The worker ant bites you but does no damage.
The ogre hits you with a cursed -2 giant club!
* * * LOW HITPOINT WARNING * * *
You fail to use your ability.
The worker ant bites you.
The ogre hits you with a cursed -2 giant club!!
You die...

* * ..>.
....## *
,#..##......
*
,#........#
* * ,
........# #
#.......#
#.##..).#,#
,
#.......#.#
* *
####..O..>#
##<@.### *
#.a.# , * ,
#...# ,
#...# * ,
..... , >
......., ,,
........ , *
* ###...####
,*


You could see an ogre and a worker ant.

Vanquished Creatures
  A hound (D:3)
  2 adders
  2 worms (D:2)
  2 dart slugs (D:1)
  A leopard gecko (D:3)
  2 ball pythons (D:1)
  A giant cockroach (D:3)
  A goblin (D:3)
  A hobgoblin (D:1)
  2 jackals (D:1)
  A quokka (D:3)
  3 bats
  A frilled lizard (D:2)
  A kobold (D:1)
  A rat (D:2)
22 creatures vanquished.

Notes
Turn   | Place    | Note
-------+----------+-------------------------------------------
     0 | D:1      | Flugslaktarn the Deep Dwarf Fighter began the quest for the
                  | Orb.
     0 | D:1      | Reached XP level 1. HP: 20/20 MP: 1/1
    59 | D:1      | Reached XP level 2. HP: 27/27 MP: 2/2
   165 | D:2      | Reached XP level 3. HP: 30/34 MP: 3/3
   267 | D:3      | Reached XP level 4. HP: 22/42 MP: 4/4
   283 | D:4      | Noticed an ogre
   297 | D:4      | Slain by an ogre

Illustrated notes

Levels and vault maps discovered:
D:1:      matt_arrival_spirals, layout_basic
D:2:      layout_rooms, tgw_trog, minmay_bisected
D:3:      layout_basic, minitemple, dancing_weapons_uskayaw,
          cheibrodos_sewer_entry_bend, grunt_ministairs_9, uniq_jessica
D:4:      layout_loops_cross, cheibriados_altar_1

Skill      XL: |  1  2 |
---------------+-------+-----
Fighting       | 3 |  3.4
Axes           | 3 |  3.3
Armour         | |  3.7
Shields        | |  3.7

Action                   |  1- 3 |  4- 6 || total
-------------------------+-------+-------++-------
Melee: War axe           |    73 |     5 ||    78
 Abil: Heal Wounds       |     1 |     3 ||     4
Armor: Scale mail        |    43 |     1 ||    44
Dodge: Dodged            |    29 |     1 ||    30
Block: Kite shield       |    61 |     3 ||    64

Table legend: (Time is in decaauts)
 A = Elapsed time spent in this place.
 B = Non-inter-level travel time spent in this place.
 C = Inter-level travel time spent in this place.
 D = Time resting spent in this place.
 E = Time spent auto-exploring this place.
 F = Levels seen in this place.
 G = Mean time per level.
                   A        B        C        D        E       F      G
               +--------+--------+--------+--------+--------+-----+--------+
         Total |    330 |    277 |     53 |      0 |     85 |   4 |   82.5 |
       Dungeon |    330 |    277 |     53 |      0 |     85 |   4 |   82.5 |
               +--------+--------+--------+--------+--------+-----+--------+

Top non-repeatable levels by time:
     D:1: 140 daAuts
     D:3: 95 daAuts
     D:2: 79 daAuts
     D:4: 15 daAuts
